 Dungeon Crawl Stone Soup version 0.31-a0-986-g5e6e4ef867 (webtiles) character file.

Game seed: 12613547879865815636

48 wildpjah the Vexing (level 3, 0/26 HPs)
             Began as a Barachi Hexslinger on Nov 22, 2023.
             Slain by Crazy Yiuf
             ... wielding a +2 quarterstaff of chaos
              (5 damage)
             ... on level 2 of the Dungeon.
             The game lasted 00:01:35 (671 turns).

wildpjah the Vexing (Barachi Hexslinger)             Turns: 671, Time: 00:01:35

Health: 0/26       AC:  2    Str:  9    XL:     3   Next: 72%
Magic:  4/4        EV: 12    Int: 13    God:
Gold:   56         SH:  0    Dex: 16    Spells: 2/4 levels left

rFire   + . .        a - +1 sling
rCold   + . .        (no shield)
rNeg    . . .        c - +0 robe
rPois   .            (no helmet)
rElec   .            g - scarf {rC+ rF+}
rCorr   .            (no gloves)
SInv    .            (no boots)
Will    .....        (no amulet)
Stlth   +            (no ring)
HPRegen 0.24/turn    (no ring)
MPRegen 0.09/turn

%: no passive effects
@: slow
A: amphibious, slowness 1, strong legs 1, +LOS
a: Hop


You were on level 2 of the Dungeon.
You visited 1 branch of the dungeon, and saw 2 of its levels.

You collected 56 gold pieces.

Inventory:

Hand Weapons
 a - a +1 sling (weapon)
Armour
 c - a +0 robe (worn)
 g - a scarf of resistance (worn)
Scrolls
 b - a scroll of poison
 d - a scroll of amnesia {unknown}
 f - 4 scrolls of identify {unknown}
 h - a scroll of fog {unknown}
 l - a scroll of immolation {unknown}
Potions
 e - a potion of brilliance {unknown}
 i - a potion of curing {unknown}
 j - a potion of mutation {unknown}
 k - a potion of enlightenment {unknown}
 m - 2 potions of cancellation {unknown}
 n - a potion of magic {unknown}


   Skills:
 + Level 1.5 Fighting
 + Level 3.1 Ranged Weapons
 + Level 2.4 Dodging
 + Level 1.2 Spellcasting
 + Level 3.8 Hexes
 + Level 1.1 Fire Magic


You had 2 spell levels left.
You knew the following spells:

 Your Spells              Type           Power      Damage    Failure   Level
a - Jinxbite              Hex            20%        N/A       9%          2

Your spell library contained the following spells:

 Spells                   Type           Power      Damage    Failure   Level
 Sigil of Binding         Hex            10%        N/A       17%         3
 Inner Flame              Hex/Fire       7%         N/A       30%         3
 Cause Fear               Hex            5%         N/A       50%         4
 Dimensional Bullseye     Hex/Tloc       2%         N/A       77%         4


Dungeon Overview and Level Annotations

Branches:
Dungeon (2/15)

Altars:

Annotations:
D:2 Crazy Yiuf


Innate Abilities, Weirdness & Mutations

You are amphibious.
You cover ground slowly.
You can hop short distances.
You have an extended range of vision and can be seen from far away.


Message History

The sling bullet hits Terence but does no damage.
Terence is heavily wounded.
A giggling sprite leaps out and smacks Terence with his own hand.
Terence is severely wounded.
Terence hits you with a +0 falchion.
You shoot a sling bullet. The sling bullet hits Terence.
Terence is severely wounded.
A giggling sprite leaps out and smacks Terence with his own hand.
Terence is almost dead.
The jinxing sprites lose interest in you.
Terence closely misses you. Terence hits you but does no damage.
You shoot a sling bullet. The sling bullet hits Terence.
You kill Terence!
Your Ranged Weapons skill increases to level 3!
Magic restored.
Things that are here:
a +0 falchion; a +0 ring mail You feel your willpower return.
Found a hammer.
Found a runed translucent door.
Crazy Yiuf shouts!
Casting: Jinxbite (safe; 9% risk of failure)
Confirm with . or Enter, or press ? or * to list all spells.
There is nobody nearby that the sprites are interested in.
You open the door. You shoot a sling bullet. The sling bullet hits Crazy Yiuf.
Crazy Yiuf is moderately wounded.
Crazy Yiuf barely misses you.
You shoot a sling bullet. The sling bullet hits Crazy Yiuf.
Crazy Yiuf is moderately wounded.
Crazy Yiuf barely misses you.
You shoot a sling bullet. The sling bullet hits Crazy Yiuf.
Crazy Yiuf is heavily wounded.
Crazy Yiuf hits you with a +2 quarterstaff of chaos! x2
* * * LOW HITPOINT WARNING * * *
Crazy Yiuf freezes you.
* * * LOW HITPOINT WARNING * * *
You shoot a sling bullet. The sling bullet hits Crazy Yiuf.
Crazy Yiuf is severely wounded.
Crazy Yiuf hits you with a +2 quarterstaff of chaos.
You die...

#..... #.###. #.# #.
#.###. #..... ###.##
### ♣♣#######.##
#)..#♣♣ ♣♣.#......<..
#...g@♣♣♣♣......###.#.
#...#♣..♣.P.....# #...
### ♣♣♣.♣..#.#.# ###.
♣♣♣♣♣###.# #. #.#####.
#....... ########


You could see Crazy Yiuf.

Vanquished Creatures
  Terence (D:2)
  An endoplasm (D:1)
  3 giant cockroaches (D:1)
  5 goblins
  3 hobgoblins
  A kobold (D:1)
  4 ball pythons
  A bat (D:1)
  A frilled lizard (D:1)
  4 rats
24 creatures vanquished.

Notes
Turn   | Place    | Note
-------+----------+-------------------------------------------
     0 | D:1      | wildpjah the Barachi Hexslinger began the quest for the
                  | Orb.
     0 | D:1      | Reached XP level 1. HP: 15/15 MP: 2/2
    94 | D:1      | Reached XP level 2. HP: 21/21 MP: 3/3
   462 | D:2      | Noticed Terence
   526 | D:2      | Reached XP level 3. HP: 26/26 MP: 4/4
   592 | D:2      | Learned a level 2 spell: Jinxbite
   599 | D:2      | Killed Terence
   663 | D:2      | Found a runed translucent door.
   664 | D:2      | Noticed Crazy Yiuf
   671 | D:2      | Slain by Crazy Yiuf

Illustrated notes

Levels and vault maps discovered:
D:1:      dpeg_arrival_simpleton_c, layout_rooms
D:2:      layout_loops_corners, uniq_crazy_yiuf_cottage, uniq_terence,
          uniq_natasha

Skill      XL: |  1  2  3 |
---------------+----------+-----
Ranged Weapons | 3 |  3.1
Fighting       | |  1.5
Dodging        | |  2.4
Spellcasting   | |  1.2
Hexes          | |  3.8
Fire Magic     | |  1.1

Action                     || total
---------------------------++-------
   Fire: Sling             ||    58
   Cast: Jinxbite          ||     1
 Armour: Robe              ||    20
  Dodge: Dodged            ||     9

Table legend: (Time is in decaauts)
 A = Elapsed time spent in this place.
 B = Non-inter-level travel time spent in this place.
 C = Inter-level travel time spent in this place.
 D = Time resting spent in this place.
 E = Time spent auto-exploring this place.
 F = Levels seen in this place.
 G = Mean time per level.
                   A        B        C        D        E       F      G
               +--------+--------+--------+--------+--------+-----+--------+
         Total |    786 |    753 |     33 |      8 |    594 |   2 |  393.0 |
       Dungeon |    786 |    753 |     33 |      8 |    594 |   2 |  393.0 |
               +--------+--------+--------+--------+--------+-----+--------+

Top non-repeatable levels by time:
     D:1: 559 daAuts
     D:2: 226 daAuts
